AoeStats
← Sinsirella

Arena

509872632Analyzed
4v4 RM · 3d ago on Sep 28, 2026· 54m 16s· 8 players
Game mode
Random Map
Map size
Large (8 player)
Population
200
Speed
Normal
Resources
Standard
Victory
Conquest
Starting age
Dark Age
Ending age
Imperial Age
RankedLock teamsTeams togetherTeam positionsShared explorationLock speedFull tech treeHidden civsTurbo modeCheats
Victory
Defeat
🇦🇺 Huns · Australia
617
+17
🇬🇧 Turks · United Kingdom
550
+20
🇹🇷 Khmer · Türkiye
537
+20
🇪🇬 Britons · Egypt
474
+23
🇦🇷 Britons · Argentina
741
-24
🇨🇳 Turks · China
728
-23
🇦🇷 Persians · Argentina
650
-21
🇭🇰 Danes · Hong Kong SAR China
429
-12
Sweet potato of mine
13:50 Feudal Age
22:55 Castle Age
21:33 Wheelbarrow
22:26 Stone Mining
22:30 Gold Mining
25:30 Double-Bit Axe
31:16 Imperial Age
36:03 Elite Janissary
38:16 Artillery
39:15 Bow Saw
38:50 Horse Collar
46:02 Caravan
49:09 Gold Shaft Mining
50:52 Hand Cart
51:54 Two-Man Saw
50:58 Heavy Plow
samko.keta
3:10 Loom
11:21 Feudal Age
12:05 Double-Bit Axe
12:16 Gold Mining
12:16 Stone Mining
12:26 Stone Mining
14:47 Horse Collar
23:32 Castle Age
28:36 Imperial Age
25:54 Treadmill Crane
29:28 Ballistics
29:04 Murder Holes
31:04 Siege Engineers
33:40 Fletching
raging tom
2:33 Loom
12:40 Feudal Age
15:29 Wheelbarrow
15:00 Double-Bit Axe
15:15 Horse Collar
17:59 Castle Age
16:02 Stone Mining
16:43 Gold Mining
19:50 Bow Saw
25:34 Hand Cart
27:14 Gold Shaft Mining
32:27 Imperial Age
30:33 Scale Barding Armor
30:28 Scale Mail Armor
30:30 Padded Archer Armor
30:44 Forging
32:21 Caravan
32:52 Marauders
34:01 Husbandry
34:24 Chain Barding Armor
34:20 Leather Archer Armor
34:41 Iron Casting
33:39 Cavalier
35:22 Elite Tarkan
36:24 Conscription
37:05 Plate Barding Armor
36:53 Paladin
38:09 Parthian Tactics
40:21 Sappers
47:53 Two-Man Saw
47:09 Heavy Plow
Sinsirella
0:33 Loom
12:52 Feudal Age
14:24 Horse Collar
18:33 Double-Bit Axe
18:45 Gold Mining
18:45 Stone Mining
23:48 Castle Age
25:53 Heavy Plow
26:09 Bow Saw
26:39 Stone Shaft Mining
26:40 Gold Shaft Mining
27:50 Scale Barding Armor
27:56 Forging
27:46 Padded Archer Armor
28:11 Caravan
29:50 Chain Barding Armor
30:06 Iron Casting
32:21 Husbandry
32:39 Leather Archer Armor
33:26 Wheelbarrow
34:29 Tusk Swords
40:12 Imperial Age
41:01 Elite Ballista Elephant
42:03 Conscription
41:43 Double Crossbow
43:01 Plate Barding Armor
42:57 Ring Archer Armor
43:28 Blast Furnace
alejandronicolass97
10:58 Feudal Age
11:45 Double-Bit Axe
12:54 Horse Collar
13:08 Stone Mining
15:10 Gold Mining
18:47 Padded Archer Armor
18:37 Fletching
22:52 Castle Age
24:36 Gold Shaft Mining
25:25 Ballistics
26:23 Masonry
27:28 Murder Holes
28:35 Bodkin Arrow
28:56 Leather Archer Armor
34:35 Imperial Age
33:36 Caravan
36:30 Chemistry
36:03 Bracer
36:30 Fortified Wall
37:18 Conscription
41:29 Wheelbarrow
41:16 Elite Longbowman
45:01 Ring Archer Armor
45:02 Hand Cart
45:24 Warwolf
46:52 Architecture
47:05 Town Watch
nachoandy10000
6:06 Loom
12:25 Feudal Age
12:47 Double-Bit Axe
14:02 Wheelbarrow
13:14 Town Watch
13:18 Horse Collar
16:45 Stone Mining
17:00 Gold Mining
24:07 Castle Age
23:04 Bloodlines
22:56 Man-at-Arms
23:24 Arson
25:25 Hand Cart
25:25 Long Swordsman
26:41 Heavy Plow
27:21 Light Cavalry
27:50 Gambesons
28:07 Squires
30:19 Bow Saw
31:21 Husbandry
35:42 Town Patrol
40:19 Pikeman
42:08 Scale Barding Armor
42:13 Forging
44:36 Iron Casting
44:05 Scale Mail Armor
43:57 Fletching
54:32 Imperial Age
今天是魔王
0:50 Loom
11:46 Feudal Age
12:23 Gold Mining
15:24 Wheelbarrow
16:27 Stone Mining
19:06 Double-Bit Axe
23:25 Castle Age
22:25 Fletching
22:23 Horse Collar
24:19 Forging
26:20 Bow Saw
29:21 Caravan
31:53 Squires
31:39 Arson
32:07 Bodkin Arrow
33:57 Iron Casting
34:17 Heavy Plow
34:21 Murder Holes
34:48 Ballistics
36:53 Gold Shaft Mining
37:01 Stone Shaft Mining
39:07 Imperial Age
36:57 Scale Mail Armor
41:27 Hand Cart
41:17 Bracer
42:18 Blast Furnace
41:34 Chain Mail Armor
41:30 Siege Engineers
41:38 Masonry
44:32 Conscription
43:51 Hamask
43:57 Northmen's Fury
45:17 Hoardings
46:21 Chemistry
46:26 Town Watch
47:15 Plate Mail Armor
46:46 Guard Tower
47:50 Elite Varangian Guard
槑槑
12:47 Feudal Age
12:59 Feudal Age
14:22 Double-Bit Axe
18:11 Castle Age
16:26 Horse Collar
18:49 Loom
19:51 Heavy Plow
24:46 Imperial Age
23:15 Bow Saw
25:42 Wheelbarrow
27:18 Two-Man Saw
26:27 Padded Archer Armor
27:34 Leather Archer Armor
29:54 Gold Mining
34:29 Ring Archer Armor
36:53 Scale Barding Armor
36:58 Forging
37:27 Gold Shaft Mining
38:40 Bloodlines
42:18 Two-Man Saw
46:26 Hand Cart
47:34 Loom
48:49 Chain Barding Armor
49:05 Iron Casting
Connection lost

Rejoining the realm…

Still unreachable

The connection could not be restored.

Session expired

The server has moved on; the page needs a fresh start.